 Dungeon Crawl Stone Soup version 0.31-a0-1074-g0b22e4e0f1 (webtiles) character file.

Game seed: 12010615153941024509

320 strifetoe the Cudgeller (level 6, -1/37 HPs)
             Began as a Gargoyle Monk on Dec 7, 2023.
             Was a Believer of Okawaru.
             Killed by divine providence
             ... invoked by an orc priest
              (13 damage)
             ... on level 3 of the Dungeon.
             The game lasted 00:04:01 (2395 turns).

strifetoe the Cudgeller (Gargoyle Monk)             Turns: 2395, Time: 00:04:01

Health: -1/37      AC: 14    Str: 16    XL:     6   Next: 46%
Magic:  6/6        EV:  7    Int: 11    God:    Okawaru [**....]
Gold:   89         SH:  0    Dex: 12    Spells: 5/5 levels left

rFire   . . .        a - +3 mace
rCold   . . .        d - orb {light}
rNeg    + . .        g - +0 chain mail
rPois   ∞            i - +0 helmet
rElec   +            (no cloak)
rCorr   .            (no gloves)
SInv    .            c - +0 pair of boots
Will    .....        (no amulet) Stlth
                     (no ring)
HPRegen 0.26/turn    (no ring)
MPRegen 0.10/turn

%: no passive effects
@: hasted, glowing, very quick
A: sickness immunity, AC +4, negative energy resistance 1, electricity
resistance, torment resistance 1, petrification resistance
a: Renounce Religion, Heroism


You were on level 3 of the Dungeon.
You worshipped Okawaru.
Okawaru was pleased with you.
You visited 1 branch of the dungeon, and saw 3 of its levels.

You collected 89 gold pieces.

Inventory:

Hand Weapons
 a - a +3 mace (weapon)
Armour
 b - a +0 robe
 c - a +0 pair of boots (worn)
 d - an orb of light (worn)
 g - a +0 chain mail (worn)
 i - a +0 helmet (worn)
Scrolls
 f - 4 scrolls of identify
Potions
 e - a potion of resistance {unknown}
 j - a potion of haste


   Skills:
 - Level 3.2 Fighting
 + Level 7.1 Maces & Flails
 - Level 2.4 Dodging


You had 5 spell levels left.
You didn't know any spells.
Your spell library contained the following spells:

 Spells                   Type           Power      Damage    Failure   Level
 Magic Dart               Conj           0%         1d3       99%         1
 Searing Ray              Conj           0%         2d4       100%        2
 Stone Arrow              Conj/Erth      0%         3d7       100%        3
 Fulminant Prism          Conj/Hex       0%         3d5       100%        4
 Lehudib's Crystal Spear  Conj/Erth      0%         10d2      100%        8
 Animate Armour           Summ/Erth      Unusable   N/A       N/A         4

Dungeon Overview and Level Annotations

Branches:
Dungeon (3/15)

Altars:
Okawaru


Innate Abilities, Weirdness & Mutations

You are immune to sickness and miasma.
Your stone body is resilient. (AC +4)
You are immune to poison.
You resist negative energy. (rN+)
You are resistant to electric shocks. (rElec)
You are resistant to unholy torment.
You are immune to petrification.


Message History

No target in view!
No target in view!
No target in view!
No target in view!
No target in view!
No target in view!
No target in view!
You see here a ball python corpse.
An orc comes into view. It is wielding a +0 mace.
The orc shouts!
You hear a shout! x4
An orc priest comes into view. It is wielding a +0 mace.
There are monsters nearby!
There are monsters nearby!
An orc and 2 orc priests come into view.
Found a scroll labelled HIOHEE ZEOCE.
Found a stone staircase leading up.
The orc shouts!
The orc priest shouts! x2
You hit the orc priest.
The orc priest is moderately wounded.
The orc priest mumbles some strange prayers to Beogh against you.
Beogh smites you! The orc closely misses you.
The orc priest hits you but does no damage.
You hit the orc priest but do no damage.
The orc priest is moderately wounded.
The orc completely misses you.
The orc priest mumbles some strange prayers to Beogh against you.
Pain shoots through your body!
The orc priest looks satisfied for a moment.
The orc hits you with a +0 mace.
The orc priest invokes the aid of Beogh against you.
Beogh smites you!
* * * LOW HITPOINT WARNING * * *
The orc attacks as it pursues you! The orc hits you but does no damage.
The orc attacks as it pursues you! The orc hits you but does no damage.
Okay, then.
Okay, then.
You feel yourself speed up. The orc hits you but does no damage.
You feel better.
The orc priest invokes the aid of Beogh against you.
Beogh smites you!
You die...

###.#)..#.# #...#
.†....†.#.# #...#
#.......#.#####...#####
#.........#...........#
........†..............
#.).....###........<..#
#.......# #####...####.
........# #...#
#.##.#### #.@.# #.##.#
#.o.# #.##.# ##.##
.....# #o# ###..#
#....ooo# #..#
..##.o.o. #..# ?..o....
#.## ...#.....#. ###.#
.. ....#.#..


You could see 3 orc priests and 2 orcs.

Vanquished Creatures
  Sigmund (D:2)
  An orc wizard (D:3)
  Robin (D:2)
  2 adders
  3 worms (D:2)
  A dart slug (D:3)
  4 orcs (D:3)
  2 endoplasms
  A giant cockroach (D:1)
  18 goblins
  12 hobgoblins
  4 quokkas (D:2)
  9 ball pythons
  8 bats
  6 frilled lizards
  9 kobolds
  8 rats
90 creatures vanquished.

Notes
Turn   | Place    | Note
-------+----------+-------------------------------------------
     0 | D:1      | strifetoe the Gargoyle Monk began the quest for the Orb.
     0 | D:1      | Reached XP level 1. HP: 14/14 MP: 1/1
   148 | D:1      | Reached XP level 2. HP: 16/19 MP: 2/2
   511 | D:1      | Reached skill level 4 in Maces & Flails
   655 | D:1      | Reached XP level 3. HP: 23/23 MP: 3/3
  1176 | D:2      | Noticed Robin
  1213 | D:2      | Reached XP level 4. HP: 23/28 MP: 4/4
  1262 | D:2      | Killed Robin
  1263 | D:2      | Reached skill level 5 in Maces & Flails
  1415 | D:2      | Noticed Sigmund
  1426 | D:2      | Killed Sigmund
  1427 | D:2      | Reached skill level 6 in Maces & Flails
  1427 | D:2      | Reached XP level 5. HP: 21/32 MP: 5/5
  1427 | D:2      | Reached XP level 6. HP: 24/37 MP: 6/6
  1969 | D:3      | Reached skill level 7 in Maces & Flails
  2080 | D:3      | Found an iron altar of Okawaru.
  2210 | D:3      | Became a worshipper of Warmaster Okawaru
  2210 | D:3      | Reached * piety under Okawaru
  2210 | D:3      | Reached ** piety under Okawaru
  2395 | D:3      | Killed from afar by an orc priest

Illustrated notes

Levels and vault maps discovered:
D:1:      dpeg_arrival_windows_large_door, layout_basic,
          corexii_leaking_fountain
D:2:      layout_loops_corners, kennysheep_potato, uniq_sigmund, uniq_robin
D:3:      layout_loops_cross, okawaru_metal_pillars_1_2

Skill      XL: |  1  2  3  4  5  6 |
---------------+-------------------+-----
Maces & Flails | 4 6 7 |  7.1
Fighting       | |  3.2
Dodging        | |  2.4

Action                     |  1- 3 |  4- 6 || total
---------------------------+-------+-------++-------
  Melee: Mace              |   107 |   108 ||   215
    Use: Scroll            |     2 |     4 ||     6
         Potion            |       |     4 ||     4
 Armour: Robe              |    69 |    94 ||   163
         Chain mail        |       |    18 ||    18
  Dodge: Dodged            |    80 |    88 ||   168

Table legend: (Time is in decaauts)
 A = Elapsed time spent in this place.
 B = Non-inter-level travel time spent in this place.
 C = Inter-level travel time spent in this place.
 D = Time resting spent in this place.
 E = Time spent auto-exploring this place.
 F = Levels seen in this place.
 G = Mean time per level.
                   A        B        C        D        E       F      G
               +--------+--------+--------+--------+--------+-----+--------+
         Total |   2425 |   2338 |     87 |    174 |   1617 |   3 |  808.3 |
       Dungeon |   2425 |   2338 |     87 |    174 |   1617 |   3 |  808.3 |
               +--------+--------+--------+--------+--------+-----+--------+

Top non-repeatable levels by time:
     D:2: 1184 daAuts
     D:1: 753 daAuts
     D:3: 487 daAuts
